 Dungeon Crawl Stone Soup version 0.19.0-2-gae57169 (webtiles) character file.

107 Quirk the Skirmisher (level 4, -3/35 HPs)
             Began as a Demonspawn Fighter on Nov 2, 2016.
             Slain by a centaur (5 damage)
             ... on level 3 of the Dungeon.
             The game lasted 00:02:56 (1770 turns).

Quirk the Skirmisher (Demonspawn Fighter)           Turns: 1770, Time: 00:02:57

Health: -3/35      AC: 12    Str: 22    XL:     4   Next: 57%
Magic:  4/4        EV:  4    Int:  9    God:
Gold:   177        SH:  9    Dex: 13    Spells: 0 memorised, 3 levels left

rFire  . . .     SeeInvis .     a - +0 war axe
rCold  . . .     Gourm    .     n - +0 plate armour (curse)
rNeg   . . .     Faith    .     c - +0 shield
rPois  .         Spirit   .     (no helmet)
rElec  .         Reflect  .     (no cloak)
rCorr  .         Harm     .     g - +0 pair of gloves
MR     .....                    (no boots)
Stlth  ..........               (no amulet)
                                (no ring)
                                (no ring)

@: mighty
A: claws 1, rot immunity
a: no special abilities


You were on level 3 of the Dungeon.
You were hungry.

You visited 1 branch of the dungeon, and saw 3 of its levels.

You collected 177 gold pieces.

Inventory:

Hand Weapons
 a - a +0 war axe (weapon)
Armour
 b - a +0 scale mail
 c - a +0 shield (worn)
 g - a +0 pair of gloves (worn)
 n - a cursed +0 plate armour (worn)
Wands
 j - a wand of slowing (23/48)
Scrolls
 h - 3 scrolls of identify {unknown}
 i - a scroll of amnesia {unknown}
 p - 2 scrolls of immolation {unknown}
 r - 2 scrolls of magic mapping {unknown}
 s - a scroll of teleportation {unknown}
Potions
 d - 2 potions of might
 e - a potion of agility {unknown}
 l - a potion of cure mutation {unknown}
 m - 2 potions of heal wounds {unknown}
 o - a potion of mutation {unknown}
 q - 2 potions of curing {unknown}
Comestibles
 f - a bread ration
 k - a royal jelly
 t - a chunk of flesh


   Skills:
 + Level 3.4 Fighting
 + Level 2.6 Axes
 + Level 3.3 Armour
 + Level 1.0 Dodging
 + Level 3.3 Shields


You had 3 spell levels left.
You didn't know any spells.

Dungeon Overview and Level Annotations

Branches:
Dungeon (3/15)

Altars:


Innate Abilities, Weirdness & Mutations

You have sharp fingernails.
You are immune to rotting.


Message History

You hit the centaur but do no damage.
The centaur is heavily wounded.
The centaur hits you!
* * * LOW HITPOINT WARNING * * *
You block the centaur's attack.
Some of the chunks of flesh in your inventory have rotted away.
You hit the centaur but do no damage.
The centaur is heavily wounded.
You block the centaur's attack.
The centaur hits you but does no damage.
You hit the centaur but do no damage.
The centaur is heavily wounded.
The centaur hits you but does no damage.
The centaur barely misses you.
You feel very mighty all of a sudden.
The centaur hits you but does no damage. x2
You hit the centaur.
The centaur is severely wounded.
You block the centaur's attack. The centaur hits you.
You die...

#. .. ###.### .#
........#.##
............ ..
#........#.. .#
###....#..#.##.
.......#..#.#..
#....@..#.#.# ###
<..##...c.#.#.# ##...
#.....#.#.## .....
#....(#....#......
##.....#.#..#......
?.......(##.........
#
..##....#####.####.##
.# ......... #.# .
......>. #†#


You could see a centaur.

Vanquished Creatures
  Terence (D:3)
  2 oozes
  A worm (D:2)
  3 dart slugs
  3 leopard geckos
  9 bats
  2 giant cockroaches
  5 goblins
  4 hobgoblins
  5 jackals
  14 kobolds
  A ball python (D:3)
  4 frilled lizards
  6 rats
  A bush (D:1)
  A plant (D:1)
62 creatures vanquished.

Notes
Turn   | Place    | Note
-------+----------+-------------------------------------------
     0 | D:1      | Quirk the Demonspawn Fighter began the quest for the Orb.
     0 | D:1      | Reached XP level 1. HP: 18/18 MP: 1/1
   231 | D:1      | Gained mutation: You are immune to rotting. [demonic ancestry]
   231 | D:1      | Reached XP level 2. HP: 18/24 MP: 2/2
   597 | D:1      | Gained mutation: You have sharp fingernails. [demonic ancestry]
   597 | D:1      | Reached XP level 3. HP: 29/29 MP: 3/3
  1087 | D:1      | You fall through a shaft!
  1329 | D:2      | Reached XP level 4. HP: 32/35 MP: 4/4
  1575 | D:3      | Noticed Terence
  1601 | D:3      | Killed Terence
  1601 | D:3      | Reached skill level 1 in Dodging
  1753 | D:3      | Noticed a centaur
  1766 | D:3      | HP: 1/35 [centaur (7)]
  1770 | D:3      | Slain by a centaur

Skill      XL: |  1  2  3  4 |
---------------+-------------+-----
Axes           | 2 |  2.6
Armour         | 3 |  3.3
Shields        | 3 |  3.3
Dodging        | 1 |  1.0
Fighting       | |  3.4

Action                   |  1- 3 |  4- 6 || total
-------------------------+-------+-------++-------
Melee: War axe           |   188 |    52 ||   240
  Use: Potion            |       |     1 ||     1
  Eat: Chunk             |     2 |     1 ||     3
Armor: Scale mail        |    64 |       ||    64
       Plate armour      |    15 |    48 ||    63
Dodge: Dodged            |    39 |     6 ||    45
Block: Shield            |    79 |    44 ||   123
